 Dungeon Crawl Stone Soup version 0.25-a0-578-gc91f01c39c (webtiles) character file.

Game seed: 15728930288966272349, levelgen mode: deterministic

46 Flugslaktarn the Shield-Bearer (level 3, 0/33 HPs)
             Began as a Minotaur Fighter on Mar 3, 2020.
             Slain by Sigmund
             ... wielding a +0 scythe
              (4 damage)
             ... on level 2 of the Dungeon.
             The game lasted 00:00:09 (138 turns).

Flugslaktarn the Shield-Bearer (Minotaur Fighter)    Turns: 138, Time: 00:00:10

Health: 0/33       AC:  7    Str: 21    XL:     3   Next: 46%
Magic:  2/2        EV:  7    Int:  5    God:
Gold:   0          SH:  9    Dex:  9    Spells: 2/2 levels left

rFire    . . .     SeeInvis .   a - +0 war axe
rCold    . . .     Gourm    .   c - +0 kite shield
rNeg     . . .     Faith    .   b - +0 scale mail
rPois    .         Spirit   .   (helmet restricted)
rElec    .         Reflect  .   (no cloak)
rCorr    .         Harm     .   (no gloves)
MR       .....                  (no boots)
Stlth    ..........             (no amulet)
HPRegen  0.11/turn              (no ring)
MPRegen  0.08/turn              (no ring)

@: lethally poisoned (0 -> -4)
A: retaliatory headbutt, horns 2
a: no special abilities


You were on level 2 of the Dungeon.
You were not hungry.

You visited 1 branch of the dungeon, and saw 2 of its levels.

Inventory:

Hand Weapons
 a - a +0 war axe (weapon)
Armour
 b - a +0 scale mail (worn)
 c - a +0 kite shield (worn)
Potions
 d - a potion of might
Comestibles
 e - 2 rations
 f - 2 chunks of flesh


   Skills:
 + Level 4.0 Fighting
 * Level 3.5 Axes
 + Level 4.0 Armour
 + Level 4.0 Shields


You had 2 spell levels left.
You didn't know any spells.
Your spell library was empty.

Dungeon Overview and Level Annotations

Branches:
Dungeon (2/15)

Altars:

Annotations:
D:2 Sigmund


Innate Abilities, Weirdness & Mutations

You reflexively headbutt those who attack you in melee.
You have a pair of horns on your head.


Message History

You feel sick. The adder bites you but does no damage. Something hits you.
The adder bites you but does no damage.
You miss the adder. Your headbutt misses the adder.
The adder is lightly wounded.
The adder bites you.
* * * LOW HITPOINT WARNING * * *
You are more poisoned.
The adder poisons you! Something hits you.
* * * LOW HITPOINT WARNING * * *
The adder bites you but does no damage.
You are too injured to fight recklessly!
Unknown command.
There is a lethal amount of poison in your body!
You slash the adder!
You kill the adder!
You slash the hobgoblin!
You kill the hobgoblin!
* * * LOW HITPOINT WARNING * * *
You feel sick. Something hits you.
You die...

......(.###
##.....)..##
...........####
.......<......##
..........###..##
..%..............
........r.#######
##.$......†###
#.........)@.#
#........>##.#
..........# .%#
.........# #.#
........# ..
.......## ###
#...(.# #####


You could see a rat.

Vanquished Creatures
  Jessica (D:2)
  An adder (D:2)
  2 goblins
  2 hobgoblins
  3 jackals (D:1)
  A kobold (D:1)
  A rat (D:1)
11 creatures vanquished.

Notes
Turn   | Place    | Note
-------+----------+-------------------------------------------
     0 | D:1      | Flugslaktarn the Minotaur Fighter began the quest for the
                  | Orb.
     0 | D:1      | Reached XP level 1. HP: 19/19 MP: 0/0
     1 | D:1      | Noticed an electric eel
   109 | D:1      | Reached XP level 2. HP: 22/27 MP: 1/1
   123 | D:2      | Noticed Jessica
   123 | D:2      | Noticed Sigmund
   128 | D:2      | Killed Jessica
   128 | D:2      | Reached XP level 3. HP: 27/33 MP: 2/2
   138 | D:2      | Slain by Sigmund

Levels and vault maps discovered:
D:1:      arrival_aquarium_a, layout_loops_corners
D:2:      layout_rooms, uniq_jessica, uniq_sigmund

Skill      XL: |  1  2 |
---------------+-------+-----
Fighting       | 4 |  4.0
Axes           | 3 |  3.5
Armour         | 4 |  4.0
Shields        | 4 |  4.0

Action                   || total
-------------------------++-------
Melee: War axe           ||    24
       Headbutt          ||     1
Armor: Scale mail        ||    12
Dodge: Dodged            ||     6
Block: Kite shield       ||    13

Table legend:
 A = Non-vault XP
 B = Vault XP
 C = Vault XP percentage of total XP
 D = Non-vault monster count
 E = Vault monster count
 F = Vault count percentage of total count
                 A         B        C        D         E       F
            +---------+---------+-------+---------+---------+-------
      Total |      30 |      37 |  55.2 |      10 |       1 |   9.1
            +---------+---------+-------+---------+---------+-------
        D:1 |      13 |       0 |   0.0 |       7 |       0 |   0.0
        D:2 |      17 |      37 |  68.5 |       3 |       1 |  25.0
            +---------+---------+-------+---------+---------+-------
